General information
			
			
        
        - name: BNet
 
        - type: Ladder 1vs1/FFA
 
        - host: Battle.net
 
        - saver: OnEiNtHeYaRbLeS
 
        
map: MeltingValley 
        - players: 2
 
        - length: 23:28
 
        - speed: Fast
 - version: 1.22 W3XP
 - replay type:  Public
 
» download(86 KB)
Players
        team 1 (winner) 
              
              
» 
OnEiNtHeYaRbLeS (
purple | 79 APM | 1846 actions | 23:28)
              
 5 Archmage 
 3 Summon Water Elemental
 2 Brilliance Aura
 4 Paladin 
 2 Holy Light
 1 Divine Shield
 1 Devotion Aura
 3 Mountain King 
 2 Storm Bolt
 1 Bash
 
                » actions 
                
                | Assign group hotkey | 250 |  | 
| Basic commands | 82 |  | 
| Build / train | 103 |  | 
| ESC pressed | 4 |  | 
| Enter build submenu | 37 |  | 
| Enter hero's abilities submenu | 12 |  | 
| Give item / drop item | 1 |  | 
| Right click | 540 |  | 
| Select / deselect | 408 |  | 
| Select group hotkey | 292 |  | 
| Use ability | 117 |  | 
                1846 total
 » units 
                
                | Peasant | 16 |  | 
| Footman | 12 |  | 
| Forest Troll Berserker | 1 |  | 
| Mortar Team | 1 |  | 
| Dragonhawk Rider | 7 |  | 
| Knight | 6 |  | 
| Gryphon Rider | 3 |  | 
| Flying Machine | 17 |  | 
                63 total
 » upgrades
                
                | Masonry | 1 |  | 
| Swords | 3 |  | 
| Plating | 2 |  | 
| Animal War Training | 1 |  | 
| Flak Cannons | 1 |  | 
| Cloud | 1 |  | 
| Flying Machine Bombs | 1 |  | 
                10 total
 » buildings
                
                | Altar of Kings | 1 |  | 
| Barracks | 2 |  | 
| Farm | 13 |  | 
| Lumber Mill | 1 |  | 
| Scout Tower | 4 |  | 
| Arcane Tower | 2 |  | 
| Arcane Vault | 1 |  | 
| Town Hall | 1 |  | 
| Guard Tower | 2 |  | 
| Keep | 1 |  | 
| Blacksmith | 1 |  | 
| Castle | 1 |  | 
| Arcane Sanctum | 2 |  | 
| Gryphon Aviary | 2 |  | 
| Workshop | 1 |  | 
                35 total
 » build order
                00:07 Altar of Kings
00:17 Barracks
00:25 Farm
01:06 Farm
01:17 Farm
01:40 Lumber Mill
01:55 Farm
02:08 Farm
02:14 Scout Tower
03:00 Arcane Tower
03:39 Arcane Vault
03:56 Town Hall
04:04 Scout Tower
04:09 Scout Tower
04:45 Guard Tower
04:48 Guard Tower
04:51 Scout Tower
05:11 Farm
05:23 Arcane Tower
05:40 Keep
06:09 Blacksmith
08:33 Castle
08:37 Arcane Sanctum
08:46 Gryphon Aviary
08:59 Farm
09:02 Farm
09:12 Workshop
11:40 Barracks
13:18 Farm
13:20 Arcane Sanctum
13:38 Farm
13:42 Farm
16:37 Gryphon Aviary
17:52 Farm
19:05 Farm
» items
                
                | Scroll of Regeneration | 3 |  | 
| Lesser Clarity Potion | 2 |  | 
| Orb of Fire | 1 |  | 
| Potion of Mana | 1 |  | 
| Potion of Healing | 1 |  | 
| Staff of Sanctuary | 1 |  | 
                9 total
  
               team 2 (loser) 
              
              
KingCracker (
green | 141 APM | 3312 actions | 23:26)
              
 5 Death Knight 
 3 Death Coil
 2 Unholy Aura
 4 Lich 
 2 Frost Nova
 2 Dark Ritual
 3 Crypt Lord 
 2 Impale
 1 Spiked Carapace
 
                » actions 
                
                | Assign group hotkey | 63 |  | 
| Basic commands | 35 |  | 
| Build / train | 77 |  | 
| ESC pressed | 5 |  | 
| Enter build submenu | 22 |  | 
| Enter hero's abilities submenu | 12 |  | 
| Give item / drop item | 6 |  | 
| Right click | 1055 |  | 
| Select / deselect | 644 |  | 
| Select group hotkey | 1147 |  | 
| Use ability | 246 |  | 
                3312 total
 » units 
                
                | Acolyte | 10 |  | 
| Ghoul | 2 |  | 
| Crypt Fiend | 10 |  | 
| Obsidian Statue | 4 |  | 
                26 total
 » upgrades
                
                | Creature Attack | 1 |  | 
| Burrow | 1 |  | 
| Creature Carapace | 1 |  | 
| Web | 1 |  | 
| Destroyer Form | 1 |  | 
                5 total
 » buildings
                
                | Crypt | 1 |  | 
| Graveyard | 1 |  | 
| Altar of Darkness | 1 |  | 
| Ziggurat | 11 |  | 
| Tomb of Relics | 1 |  | 
| Nerubian Tower | 1 |  | 
| Halls of the Dead | 1 |  | 
| Spirit Tower | 4 |  | 
| Slaughterhouse | 2 |  | 
| Black Citadel | 1 |  | 
| Sacrificial Pit | 1 |  | 
                25 total
 » build order
                00:07 Crypt
00:16 Graveyard
00:40 Altar of Darkness
00:56 Ziggurat
01:44 Tomb of Relics
02:00 Ziggurat
02:16 Ziggurat
02:35 Nerubian Tower
04:06 Halls of the Dead
06:09 Spirit Tower
06:39 Slaughterhouse
06:40 Ziggurat
08:38 Black Citadel
13:33 Ziggurat
15:29 Ziggurat
16:41 Ziggurat
16:42 Ziggurat
18:16 Ziggurat
18:25 Spirit Tower
19:11 Spirit Tower
19:13 Spirit Tower
20:59 Ziggurat
21:13 Slaughterhouse
21:31 Sacrificial Pit
22:29 Ziggurat
» items
                
                | Rod of Necromancy | 10 |  | 
| Dust of Appearance | 2 |  | 
| Potion of Healing | 7 |  | 
| Orb of Corruption | 1 |  | 
| Scroll of Town Portal | 1 |  | 
| Potion of Lesser Invulnerability | 1 |  | 
| Scroll of Protection | 1 |  | 
                23 total
  
                Chat log
          
(15:44 / All) OnEiNtHeYaRbLeS: "oops lol"